 Dungeon Sprint DCSS version 0.29.1-12-g30fa7ad0bf (webtiles) character file.

Game seed: 17629749687440833848

984 Oxelix the Severer (level 7, -1/111 HPs)
             Began as a Minotaur Berserker on Jan 4, 2023.
             Was a Believer of Trog.
             Slain by a centaur warrior (4 damage)
             ... in the Dungeon (Sprint I: "Red Sonja").
             The game lasted 00:02:15 (503 turns).

Oxelix the Severer (Minotaur Berserker)              Turns: 503, Time: 00:02:16

Health: -1/111     AC:  7    Str: 24    XL:     7   Next: 97%
Magic:  6/6        EV: 11    Int:  4    God:    Trog [**....]
Gold:   207        SH:  0    Dex:  9    Spells: 6/6 levels left

rFire   . . .      SeeInvis .   a - +0 hand axe
rCold   . . .      Faith    .   (no shield)
rNeg    + . .      Spirit   .   k - +2 ring mail {rN+}
rPois   .          Reflect  .   (helmet restricted)
rElec   .          Harm     .   (no cloak)
rCorr   .          Rampage  .   (no gloves)
Will    .....      NoTele   +   (no boots)
Stlth   ..........              (no amulet)
HPRegen 0.28/turn               (no ring)
MPRegen 0.10/turn               (no ring)

@: berserking, very quick
A: horns 2, retaliatory headbutt
a: Renounce Religion, Berserk, Trog's Hand


You were in the Dungeon.
You worshipped Trog.
Trog was pleased with you.
You visited 1 branch You collected 405 gold pieces.
You spent 198 gold pieces at shops.

Inventory:

Hand Weapons
 a - a +0 hand axe (weapon)
Armour
 k - a +2 ring mail of positive energy (worn)
Wands
 i - a wand of flame (20)
Scrolls
 b - a scroll of enchant weapon {unknown}
 h - a scroll of blinking
Potions
 c - a potion of curing
 d - a potion of heal wounds
 e - a potion of haste
 f - 3 potions of magic
 g - a potion of berserk rage


   Skills:
 + Level 11.0 Fighting
 - Level 17.8 Axes
 + Level 2.4 Armour
 - Level 2.1 Dodging


You had 6 spell levels left.
You didn't know any spells.
Your spell library was empty.

Dungeon Overview and Level Annotations

Branches:
Dungeon (1/1)

Altars:
Cheibriados
Dithmenos
Elyvilon
Fedhas
Gozag
Hepliaklqana
Kikubaaqudgha
Makhleb
Nemelex Xobeh
Okawaru
Qazlal
Ru
Sif Muna
Trog
Uskayaw
Vehumet
Wu Jian
Xom
Yredelemnul
Zin
The Shining One
Jiyva
Lugonu

Shops:
D [


Innate Abilities, Weirdness & Mutations

You have a pair of horns on your head.
You reflexively headbutt those who attack you in melee.


Message History

The centaur warrior shoots an arrow.
The arrow hits you!!
You close the door.
A centaur warrior opens the door.
A red film seems to cover your vision as you go berserk!
You feel yourself moving faster!
You feel mighty!
A centaur warrior opens the door.
Found four altars.
A slime creature comes into view.
You hit the centaur warrior.
The centaur warrior is lightly wounded.
You barely miss the centaur warrior. Your punch misses the centaur warrior.
The centaur warrior is lightly wounded.
The centaur warrior unwields a +0 shortbow.
The centaur warrior hits you! The centaur warrior kicks you.
You barely miss the centaur warrior.
The centaur warrior is lightly wounded.
You slash the centaur warrior!
The centaur warrior is moderately wounded.
The centaur warrior shoots an arrow.
The arrow hits you!
* * * LOW HITPOINT WARNING * * *
The centaur warrior hits you.
* * * LOW HITPOINT WARNING * * *
The centaur warrior kicks you but does no damage.
The centaur warrior unwields a +0 longbow.
The centaur warrior hits you!
* * * LOW HITPOINT WARNING * * *
The centaur warrior kicks you.
* * * LOW HITPOINT WARNING * * *
There is an open door, spattered with blood here.
You hit the centaur warrior. You headbutt the centaur warrior!
The centaur warrior is heavily wounded.
You slash the centaur warrior! The centaur warrior hits you.
* * * LOW HITPOINT WARNING * * *
The centaur warrior closely misses you.
You slash the centaur warrior!
Your headbutt misses the centaur warrior.
The centaur warrior is severely wounded.
You slash the centaur warrior!
The centaur warrior hits you but does no damage.
The centaur warrior kicks you.
You die...

###################
#<.#..).[#..'..#__#
#..').#..').#..c..+
#..#####'#####@#__# #
#..####..#...#c# ##??#
#..#__####..##(#~~§..#
#..#_____##'#_.'§~c§§+
#⌠⌠#_.∩...'..._#§~~§c#
####_..__##_.#+##+####
#_____###)#
#########.## +...+


You could see 2 centaur warriors.

Vanquished Creatures
  Sonja (D)
  Sigmund (D)
  A yak (D)
  An ogre (D)
  A jelly (D)
  Ijyb (D)
6 creatures vanquished.

Notes
Turn   | Place    | Note
-------+----------+-------------------------------------------
     0 | D        | Oxelix the Minotaur Berserker began the quest for the Orb.
     0 | D        | Reached XP level 1. HP: 19/19 MP: 0/0
     2 | D        | Noticed Ijyb
     9 | D        | Killed Ijyb
    10 | D        | Reached skill level 7 in Axes
    10 | D        | Reached XP level 2. HP: 26/26 MP: 1/1
    72 | D        | Noticed an ogre
    75 | D        | Killed an ogre
    76 | D        | Reached skill level 11 in Axes
    76 | D        | Reached XP level 3. HP: 31/31 MP: 2/2
    76 | D        | Reached XP level 4. HP: 39/39 MP: 3/3
   137 | D        | Noticed Sigmund
   152 | D        | Killed Sigmund
   152 | D        | Reached ** piety under Trog
   153 | D        | Reached skill level 13 in Axes
   153 | D        | Reached XP level 5. HP: 52/52 MP: 4/4
   153 | D        | Reached XP level 6. HP: 60/60 MP: 5/5
   212 | D        | Found an ornate altar of the Wu Jian Council.
   212 | D        | Found a shimmering blue altar of Sif Muna.
   214 | D        | Found a radiant altar of Vehumet.
   220 | D        | Reached skill level 14 in Axes
   366 | D        | Found Lokeuk's Armour Emporium.
   366 | D        | Found an ancient bone altar of Kikubaaqudgha.
   366 | D        | Found a hazy altar of Hepliaklqana.
   366 | D        | Found a stormy altar of Qazlal.
   366 | D        | Found a hide-covered altar of Uskayaw.
   366 | D        | Found a blossoming altar of Fedhas.
   366 | D        | Found a bloodstained altar of Trog.
   366 | D        | Found an iron altar of Okawaru.
   366 | D        | Found a basalt altar of Yredelemnul.
   366 | D        | Found a glowing golden altar of the Shining One.
   366 | D        | Found a snail-covered altar of Cheibriados.
   366 | D        | Found a sacrificial altar of Ru.
   366 | D        | Found a glowing silver altar of Zin.
   366 | D        | Found a shadowy altar of Dithmenos.
   366 | D        | Found a white marble altar of Elyvilon.
   366 | D        | Noticed a yak
   370 | D        | Killed a yak
   371 | D        | Reached skill level 15 in Axes
   371 | D        | Found an opulent altar of Gozag.
   421 | D        | Found a sparkling altar of Nemelex Xobeh.
   425 | D        | Bought a +2 ring mail of positive energy for 198 gold
                  | pieces
   442 | D        | Noticed Sonja
   454 | D        | Killed Sonja
   455 | D        | Reached skill level 17 in Axes
   455 | D        | Reached XP level 7. HP: 74/74 MP: 6/6
   490 | D        | Noticed a centaur warrior
   490 | D        | Noticed a centaur warrior
   496 | D        | Found a burning altar of Makhleb.
   496 | D        | Found a viscous altar of Jiyva.
   496 | D        | Found a shimmering altar of Xom.
   496 | D        | Found a corrupted altar of Lugonu.
   497 | D        | Noticed a slime creature
   501 | D        | HP: 4/111 [centaur warrior (2)]
   503 | D        | Slain by a centaur warrior

Illustrated notes

Levels and vault maps discovered:
D:        dungeon_sprint_1 [red_sonja_temple_1, red_sonja_temple_small_1]

Skill      XL: |  1  2  3  4  5  6 |
---------------+-------------------+-----
Axes           | 7 11 13 17 | 17.8
Fighting       | 7 11 | 11.0
Armour         | |  2.4
Dodging        | |  2.1

Action                   |  1- 3 |  4- 6 |  7- 9 || total
-------------------------+-------+-------+-------++-------
Melee: Hand axe          |     8 |    26 |     6 ||    40
       Headbutt          |     2 |     3 |     1 ||     6
Invok: Berserk           |     2 |     3 |     1 ||     6
Armor: Ring mail         |       |     1 |     2 ||     3
Dodge: Dodged            |     3 |     9 |     1 ||    13
